AoeStats
← OratosV

Arabia

504341009Analyzed
1v1 RM · 29d ago on Sep 4, 2026· 27m 54s· 2 players
Game mode
Random Map
Map size
Tiny (2 player)
Population
200
Speed
Normal
Resources
Standard
Victory
Conquest
Starting age
Dark Age
Ending age
Imperial Age
RankedLock teamsTeams togetherTeam positionsShared explorationLock speedFull tech treeHidden civsTurbo modeCheats
Victory
Defeat
🇨🇦 Celts · Canada
1464
+16
🇬🇧 Koreans · United Kingdom
1472
-16
OratosV
6:55 Loom
9:42 Feudal Age
9:43 Man-at-Arms
12:30 Fletching
24:53 Castle Age
22:50 Horse Collar
25:27 Double-Bit Axe
25:55 Scale Mail Armor
27:28 Chain Mail Armor
(ATBL) TFrizzle
6:52 Loom
9:32 Feudal Age
11:43 Fletching
24:14 Castle Age
27:10 Bodkin Arrow
Connection lost

Rejoining the realm…

Still unreachable

The connection could not be restored.

Session expired

The server has moved on; the page needs a fresh start.